 Dungeon Crawl Stone Soup version 0.31-a0-426-g3a05650e59 (webtiles) character file.

Game seed: 2769120986736102484

26145 randomguy2701 the Severer (level 12, -22/108 HPs)
             Began as a Minotaur Fighter on July 30, 2023.
             Was a High Priest of Okawaru.
             Annihilated by a death knight
             ... wielding a +0 morningstar
              (26 damage)
             ... on level 12 of the Dungeon.
             The game lasted 00:28:54 (11042 turns).

randomguy2701 the Severer (Minotaur Fighter)       Turns: 11042, Time: 00:28:54

Health: -22/108    AC: 16    Str: 21    XL:     12   Next: 95%
Magic:  15/16      EV: 18    Int:  5    God:    Okawaru [*****.]
Gold:   710        SH: 10    Dex: 15    Spells: 11/11 levels left

rFire   . . .        o - +3 hand axe (flame)
rCold   . . .        M - +2 buckler
rNeg    . . .        I - +2 chain mail {rPois}
rPois   +            (helmet restricted)
rElec   .            (no cloak)
rCorr   .            (no gloves)
SInv    .            (no boots)
Will    .....        v - amulet of regeneration
Stlth   +            e - +5 ring of evasion
HPRegen 1.18/turn    (no ring)
MPRegen 0.15/turn

%: no passive effects
@: heroic
A: horns 2, retaliatory headbutt
a: Renounce Religion, Heroism, Finesse, Duel


You were on level 12 of the Dungeon.
You worshipped Okawaru.
Okawaru was extremely pleased with you.
You visited 1 branch of the dungeon, and saw 12 of its levels.

You collected 710 gold pieces.

Inventory:

Hand Weapons
 a - a +0 war axe
 o - a +3 hand axe of flaming (weapon)
Armour
 I - a +2 chain mail of poison resistance (worn)
 M - a +2 buckler (worn)
Jewellery
 c - an amulet of the acrobat
 e - a +5 ring of evasion (left hand)
 j - a ring of ice
 v - an amulet of regeneration (around neck)
 B - a ring of magical power
Wands
 b - a wand of quicksilver (12)
 w - a wand of digging (8)
 K - a wand of roots (6)
Scrolls
 g - 7 scrolls of vulnerability {unknown}
 h - 5 scrolls of noise {unknown}
 i - a scroll of amnesia {unknown}
 l - 6 scrolls of teleportation {unknown}
 p - 3 scrolls of revelation {unknown}
 q - 3 scrolls of enchant armour {unknown}
 r - 3 scrolls of brand weapon {unknown}
 u - 4 scrolls of poison {unknown}
 x - 2 scrolls of silence {unknown}
 y - 2 scrolls of fog {unknown}
 D - a scroll of blinking {unknown}
 E - a scroll of enchant weapon {unknown}
 H - a scroll of immolation {unknown}
 J - a scroll of fear {unknown}
Potions
 d - 4 potions of might
 f - a potion of brilliance
 k - 3 potions of mutation
 m - 10 potions of curing
 n - 2 potions of cancellation
 s - 2 potions of ambrosia
 t - 2 potions of resistance
 z - 2 potions of attraction
 A - a potion of enlightenment {unknown}
 C - a potion of degeneration {unknown}
 F - 2 potions of haste
 G - a potion of heal wounds {unknown}
 L - a potion of magic {unknown}


   Skills:
 + Level 10.9(15.9) Fighting
 + Level 15.2(20.2) Axes
 + Level 12.6(17.6) Armour
 + Level 5.6(10.6) Dodging
 + Level 1.6(6.6) Stealth
 + Level 10.9(15.9) Shields
 * Level 6.9 Invocations


You had 11 spell levels left.
You didn't know any spells.
Your spell library contained the following spells:

 Spells                   Type           Power      Damage    Failure   Level
 Freeze                   Ice            0%         1d3       91%         1
 Slow                     Hex            0%         N/A       91%         1
 Sublimation of Blood     Necr           0%         N/A       97%         2
 Confusing Touch          Hex            0%         N/A       99%         3
 Frozen Ramparts          Ice            0%         1d1       99%         3
 Hailstorm                Conj/Ice       0%         3d3       99%         3
 Ignite Poison            Fire/Tmut/Pois 0%         N/A       99%         3
 Ozocubu's Armour         Ice            0%         N/A       99%         3
 Stone Arrow              Conj/Erth      0%         3d7       99%         3
 Vampiric Draining        Necr           0%         2d6       99%         3
 Petrify                  Tmut/Erth      0%         N/A       100%        4
 Sticky Flame             Conj/Fire      0%         2d3       100%        4
 Irradiate                Conj/Tmut      0%         3d11      100%        5
 Metabolic Englaciation   Hex/Ice        0%         N/A       100%        5
 Ignition                 Fire           0%         3d3       100%        8
 Lehudib's Crystal Spear  Conj/Erth      0%         10d2      100%        8
 Summon Small Mammal      Summ           Unusable   N/A       N/A         1
 Call Canine Familiar     Summ           Unusable   N/A       N/A         3
 Summon Guardian Golem    Hex/Summ       Unusable   N/A       N/A         3
 Animate Armour           Summ/Erth      Unusable   N/A       N/A         4
 Simulacrum               Ice/Necr       Unusable   N/A       N/A         6

Dungeon Overview and Level Annotations

Branches:
Dungeon (12/15)            Temple (0/1) D:5            Lair (0/5) D:11
    Orc (0/2) D:12

Altars:
Dithmenos
Elyvilon
Gozag
Hepliaklqana
Kikubaaqudgha
Nemelex Xobeh
Okawaru
Qazlal
Wu Jian
Yredelemnul
Zin

Shops:
D:1 *[!   D:7 :

Portals:
Trove: D:10 (give +5 demon blade)


Innate Abilities, Weirdness & Mutations

You have a pair of horns on your head.
You reflexively headbutt those who attack you in melee.


Message History

Your body is wracked with pain!
You slash the necromancer! You burn the necromancer.
You kill the necromancer!
Okawaru accepts your kill.
You barely miss the death knight. You slash the death knight!
You burn the death knight. Your headbutt misses the death knight.
The death knight is moderately wounded.
The death knight reflects your damage back at you!
* * * LOW HITPOINT WARNING * * *
The death knight's dark mirror aura disappears.
You block the death knight's attack.
You hit the death knight but do no damage.
You headbutt the death knight!
The death knight is moderately wounded.
You block the death knight's attack.
You hit the death knight but do no damage.
You headbutt the death knight.
The death knight is moderately wounded.
You barely miss the death knight. You headbutt the death knight!
The death knight is heavily wounded.
The death knight hits you with a +0 morningstar.
* * * LOW HITPOINT WARNING * * *
You hit the death knight. You burn the death knight.
The death knight is severely wounded.
You barely miss the death knight.
The death knight is severely wounded.
The death knight hits you with a +0 morningstar!!
* * * LOW HITPOINT WARNING * * *
Unknown command.
You barely miss the death knight.
The death knight is severely wounded.
You block the death knight's attack.
You barely miss the death knight.
The death knight is severely wounded.
You hit the death knight but do no damage.
You headbutt the death knight!
The death knight is severely wounded.
The death knight hits you with a +0 morningstar!!
You die...

#.> #.##.#####.####
# #.#
#.##.##.##.##.# #
#.# #......p.)....#
##### #.##.#
#.##.##.##.##.#
#.... #.##.#
####)#####.##.#
##.## #.##.#
#...##)..[### #.#
#.##.######.########
#.## #.##.##.###p##
### #.<.
#.##.......@)###...#
####
#.#####..##.........
#.#####..##........#
#...........#####.##
##.#####....#
#.########## #.#
###### #.#........#
#.#
#########.#.######.#
#.# #...........#
##.# #.#
#.#######.#.## #...


You could see a death knight.

Vanquished Creatures
  An ettin (D:12)
  A hydra (D:12)
  2 centaur warriors
  A boulder beetle (D:9)
  A two-headed ogre (D:8)
  3 deep elf pyromancers
  A necromancer (D:12)
  4 manticores
  2 cyclopes
  2 ugly things (D:12)
  2 gargoyles (D:12)
  3 unseen horrors
  2 komodo dragons
  2 kobold demonologists
  7 trolls
  A meliai (D:12)
  5 slime creatures (D:12)
  3 wraiths
  47 yaks
  A wyvern (D:9)
  Eustachio (D:6)
  2 basilisks
  Grum (D:8)
  A redback (shapeshifter) (D:9)
  4 vampire mosquitoes
  An acid dragon (D:11)
  A water moccasin (D:6)
  3 orc warriors
  An ice beast (D:7)
  2 sky beasts
  7 centaurs
  4 wolves (D:8)
  2 ogres
  3 phantoms
  A kobold brigand (D:8)
  Blork the orc (D:6)
  A bullfrog (D:8)
  2 gnoll sergeants
  3 scorpions
  5 wights (D:7)
  6 troll zombies (D:12)
  8 killer bees
  3 howler monkeys
  2 lava snakes (D:7)
  3 hounds
  2 orc priests (D:9)
  3 jellies
  2 gnoll boudas
  2 iguanas (D:4)
  2 sleepcaps
  7 orc wizards
  2 ogre zombies (D:12)
  12 gnolls
  8 adders
  A shadow imp (D:5)
  A white imp (D:7)
  2 ufetubi
  A worm (D:3)
  6 dart slugs
  38 orcs
  6 endoplasms
  4 giant cockroaches
  9 goblins
  9 hobgoblins
  8 jackals
  14 kobolds
  7 quokkas
  5 ball pythons
  8 bats
  3 frilled lizards
  A goblin skeleton (D:12)
  A hobgoblin skeleton (D:12)
  6 hobgoblin zombies (D:12)
  An orc skeleton (D:12)
  15 orc zombies (D:12)
  2 rats (D:1)
347 creatures vanquished.

Notes
Turn   | Place    | Note
-------+----------+-------------------------------------------
     0 | D:1      | randomguy2701 the Minotaur Fighter began the quest for the
                  | Orb.
     0 | D:1      | Reached XP level 1. HP: 19/19 MP: 0/0
     4 | D:1      | Found Jeusk's Assorted Antiques.
   141 | D:1      | Reached XP level 2. HP: 27/27 MP: 1/1
   391 | D:1      | Found a faded altar of an unknown god.
   393 | D:1      | Reached XP level 3. HP: 28/33 MP: 2/2
   434 | D:1      | Found Eheogh's Distillery.
   475 | D:1      | Found Qis Fufu's Magic Scroll Emporium.
   480 | D:1      | Reached skill level 3 in Axes
   575 | D:1      | Found Buzeghy's Antique Armour Shoppe.
  1394 | D:2      | Reached XP level 4. HP: 40/40 MP: 3/3
  1640 | D:3      | Reached skill level 4 in Axes
  1645 | D:3      | Reached skill level 1 in Dodging
  1651 | D:3      | Reached XP level 5. HP: 15/46 MP: 4/4
  1652 | D:3      | Reached skill level 5 in Armour
  2079 | D:3      | Found an ancient bone altar of Kikubaaqudgha.
  2082 | D:3      | Found a stormy altar of Qazlal.
  2084 | D:3      | Found a basalt altar of Yredelemnul.
  2787 | D:5      | Entered Level 5 of the Dungeon
  2912 | D:4      | Reached XP level 6. HP: 52/52 MP: 5/5
  3160 | D:4      | Reached skill level 5 in Axes
  3327 | D:4      | Found an ornate altar of the Wu Jian Council.
  3372 | D:4      | HP: 1/52 [gnoll/+0 halberd[a gnoll bouda] (15)]
  3383 | D:4      | HP: 1/53 [gnoll/+0 club[a gnoll bouda] (3)]
  3876 | D:5      | Reached skill level 6 in Axes
  3876 | D:5      | Reached XP level 7. HP: 51/60 MP: 6/6
  3980 | D:5      | Found a staircase to the Ecumenical Temple.
  4095 | D:5      | Found an opulent altar of Gozag.
  4098 | D:5      | Identified the staff "Ximni" {rN+ Will+ rCorr SInv Necro}
  4153 | D:5      | Reached skill level 7 in Axes
  4158 | D:5      | Found a sparkling altar of Nemelex Xobeh.
  4469 | D:6      | Noticed Blork the orc
  4477 | D:6      | Killed Blork the orc
  4523 | D:5      | Reached skill level 5 in Fighting
  4542 | D:6      | Reached skill level 5 in Shields
  4562 | D:6      | Reached XP level 8. HP: 67/68 MP: 7/7
  4766 | D:6      | Reached skill level 8 in Axes
  4766 | D:6      | Reached skill level 1 in Stealth
  4808 | D:6      | Noticed Eustachio
  4818 | D:6      | Killed Eustachio
  4983 | D:7      | Found Inikk's Book Emporium.
  5049 | D:7      | Reached skill level 9 in Axes
  5245 | D:7      | Reached XP level 9. HP: 75/75 MP: 8/8
  5621 | D:7      | Reached skill level 10 in Axes
  5772 | D:8      | Reached skill level 11 in Axes
  5930 | D:8      | You fall into a shaft and drop 1 floor!
  5931 | D:9      | Noticed a troll
  6020 | D:8      | Noticed a two-headed ogre
  6027 | D:8      | Killed a two-headed ogre
  6028 | D:8      | Reached XP level 10. HP: 51/86 MP: 9/9
  6302 | D:8      | Noticed Grum
  6317 | D:8      | Found a hazy altar of Hepliaklqana.
  6321 | D:8      | Killed Grum
  6576 | D:8      | Found an iron altar of Okawaru.
  6589 | D:8      | Became a worshipper of Warmaster Okawaru
  6654 | D:8      | Reached skill level 12 in Axes
  6894 | D:9      | Reached * piety under Okawaru
  6895 | D:9      | Reached skill level 10 in Armour
  7008 | D:9      | Found a shadowy altar of Dithmenos.
  7022 | D:9      | Reached ** piety under Okawaru
  7023 | D:9      | Reached skill level 1 in Invocations
  7302 | D:9      | Reached skill level 13 in Axes
  7349 | D:9      | Noticed a manticore
  7354 | D:9      | Noticed a deep troll
  7362 | D:9      | a deep troll changed into a redback
  7374 | D:9      | Reached XP level 11. HP: 83/94 MP: 11/11
  7392 | D:9      | Noticed a deep elf pyromancer
  7394 | D:9      | Reached *** piety under Okawaru
  7421 | D:9      | Killed a deep elf pyromancer
  7438 | D:9      | Noticed a centaur warrior
  7439 | D:9      | Noticed a boulder beetle
  7446 | D:9      | Killed a centaur warrior
  7461 | D:9      | Killed a boulder beetle
  7533 | D:9      | Noticed a deep elf pyromancer
  7548 | D:9      | Killed a deep elf pyromancer
  7548 | D:9      | Reached **** piety under Okawaru
  7833 | D:10     | Entered Level 10 of the Dungeon
  7846 | D:10     | Found a glowing silver altar of Zin.
  7877 | D:10     | Reached skill level 14 in Axes
  7896 | D:10     | Found a white marble altar of Elyvilon.
  8020 | D:10     | Identified the +3 whip of the Big Fish {elec, Fragile rC+
                  | Will++ Dex+3}
  8164 | D:10     | Found a portal to a secret trove of treasure.
  8281 | D:10     | Reached ***** piety under Okawaru
  8739 | D:11     | Found a staircase to the Lair.
  8746 | D:11     | Received a gift from Okawaru
  8798 | D:11     | Noticed a centaur warrior
  8816 | D:11     | Killed a centaur warrior
  8845 | D:11     | Reached XP level 12. HP: 105/105 MP: 14/14
  8887 | D:11     | Reached skill level 5 in Invocations
  9118 | D:11     | Reached skill level 5 in Dodging
  9770 | D:12     | Reached skill level 10 in Shields
  9785 | D:12     | Found a staircase to the Orcish Mines.
  9883 | D:12     | Reached ****** piety under Okawaru
 10026 | D:12     | Reached skill level 10 in Fighting
 10106 | D:12     | Reached skill level 15 in Axes
 10178 | D:12     | Received a gift from Okawaru
 10821 | D:12     | Noticed a five-headed hydra
 10831 | D:12     | Killed a one-headed hydra
 10905 | D:12     | Noticed an ettin
 10927 | D:12     | Killed an ettin
 11001 | D:12     | Noticed a death knight
 11039 | D:12     | HP: 2/108 [death knight/+0 morningstar (30)]
 11042 | D:12     | Annihilated by a death knight

Illustrated notes

Levels and vault maps discovered:
D:1:      doesnt_arrival_eight_statues, layout_loops_ring,
          basic_ecumenical_altar, serial_shops,
          nicolae_shop_pleasant_corner_grove, shop, shop, nicolae_shop_crystal,
          minmay_misc_feat_more_columns, minmay_tiny_reverse_x
D:2:      layout_basic
D:3:      layout_loops_ring, grunt_temple_overflow_open, st_stairs_13,
          kennysheep_generic_room_13
D:4:      cheibrodos_old_hovel, layout_loops_corners, marbit_many_paths,
          hex_tiny, minmay_misc_feat_x
D:5:      layout_rooms, nicolae_gozag_seed_capital,
          mainiacjoe_overflow_24_doors, minmay_temple_entry_mini_moons
D:6:      layout_cave_pools, uniq_blork_the_orc, uniq_eustachio
D:7:      layout_rooms, nicolae_inconvenience_store
D:8:      layout_loops_ring, okawaru_altar_gauntlet_db,
          mainiacjoe_overflow_boulevard, uniq_grum
D:9:      layout_loops_ring, nicolae_dithmenos_shadow_blocks,
          minmay_shattered_shrine
D:10:     layout_long_grid, elyvilon_altar_4, kennysheep_mini_moat,
          trove_entry_hex_spiral
D:11:     layout_irregular_city, lair_entry_dummy
D:12:     hangedman_cross_veins, layout_loops_ring, zombieorc2_lemuel,
          serial_glass, glass_columns_a, glass_columns_a,
          kennysheep_generic_room_15

Skill      XL: |  1  2  3  4  5  6  7  8  9 10 11 12 |
---------------+-------------------------------------+-----
Shields        | 4 5 7 8 9 10 | 10.9
Armour         | 4 5 6 7 9 10 11 12 | 12.6
Axes           | 3 4 6 7 9 11 13 14 15 | 15.2
Fighting       | 4 5 6 7 8 9 10 | 10.9
Dodging        | 1 2 3 4 5 |  5.6
Stealth        | 1 |  1.6
Invocations    | 2 4 6 |  6.9

Action                     |  1- 3 |  4- 6 |  7- 9 | 10-12 || total
---------------------------+-------+-------+-------+-------++-------
  Melee: War axe           |    86 |   137 |    73 |       ||   296
         Headbutt          |    10 |    23 |    58 |   197 ||   288
         Hand axe          |       |       |   177 |   738 ||   915
 Invoke: Heroism           |       |       |       |     5 ||     5
         Finesse           |       |       |       |     2 ||     2
    Use: Scroll            |       |     1 |     4 |     3 ||     8
 Armour: Scale mail        |    34 |    40 |     4 |       ||    78
         Chain mail        |       |       |    59 |   247 ||   306
  Dodge: Dodged            |    49 |    95 |   119 |   386 ||   649
  Block: Buckler           |    21 |    22 |    42 |   259 ||   344

Table legend: (Time is in decaauts)
 A = Elapsed time spent in this place.
 B = Non-inter-level travel time spent in this place.
 C = Inter-level travel time spent in this place.
 D = Time resting spent in this place.
 E = Time spent auto-exploring this place.
 F = Levels seen in this place.
 G = Mean time per level.
                   A        B        C        D        E       F      G
               +--------+--------+--------+--------+--------+-----+--------+
         Total |  10844 |   9899 |    945 |    366 |   7252 |  12 |  903.7 |
       Dungeon |  10844 |   9899 |    945 |    366 |   7252 |  12 |  903.7 |
               +--------+--------+--------+--------+--------+-----+--------+

Top non-repeatable levels by time:
     D:4: 1437 daAuts
    D:12: 1264 daAuts
     D:8: 1063 daAuts
     D:9: 1013 daAuts
     D:1: 954 daAuts
    D:11: 880 daAuts
    D:10: 874 daAuts
     D:3: 872 daAuts
     D:2: 727 daAuts
     D:7: 677 daAuts
     D:5: 550 daAuts
     D:6: 529 daAuts
